[ AOE2 MATCH · #506858176 ]
UnrankedMaya vs Magyars
Player's team · LOSS
Rival team · WIN
[ REPLAY ANALYSIS · EXTRACTED FROM THE RECORDED GAME ]
Feudal
—
Castle
—
Imperial
—
| APM avg | 65.5 |
| APM peak | 101 |
| eAPM avg | 24.8 |
| Villagers / military | 21 / 3 |
Focus
⚔️ 12.3% · 🌾 87.7%
Militia ×3
Feudal
10:11
Castle
—
Imperial
—
| APM avg | 31.8 |
| APM peak | 46 |
| eAPM avg | 14.5 |
| Villagers / military | 40 / 2 |
Focus
⚔️ 15.7% · 🌾 84.3%
Militia ×2
Match map
Initial resources + every placement click. Lines = walls · curves = elevation contours. ◆ gold · ⬟ stone · ● berries · ✦ relic · ◌ wall gap
Your base
Jungle The Quest's base
Smoothed initial terrain · ◌ = detected wall gap · hover for details
Inputs per minute
— OaRMäR - - Jungle The Quest
Build order — OaRMäR
42 actions detected in the replay
| 0:03 | Research | Loom |
| 0:05 | Build | House |
| 0:06 | Build | House |
| 0:17 | Queue | Villager (Male) |
| 0:26 | Queue | Villager (Male) |
| 0:27 | Queue | Villager (Male) |
| 1:23 | Queue | Villager (Male) |
| 2:01 | Queue | Villager (Male) |
| 2:17 | Build | Lumber Camp |
| 2:33 | Queue | Villager (Male) |
| 2:33 | Queue | Villager (Male) |
| 3:20 | Queue | Villager (Male) |
| 3:48 | Queue | Villager (Male) |
| 3:48 | Queue | Villager (Male) |
| 3:54 | Build | House |
| 4:39 | Queue | Villager (Male) |
| 4:42 | Queue | Villager (Male) |
| 4:54 | Build | Barracks |
| 5:37 | Build | House |
| 5:57 | Queue | Villager (Male) |
| 6:08 | Queue | Militia |
| 6:09 | Queue | Militia |
| 6:33 | Queue | Villager (Male) |
| 6:36 | Build | House |
| 6:37 | Queue | Militia |
| 7:02 | Queue | Villager (Male) |
| 7:02 | Queue | Villager (Male) |
| 7:10 | Build | Palisade Wall |
| 7:12 | Build | Palisade Wall |
| 7:22 | Build | Palisade Wall |
| 7:25 | Build | Palisade Wall |
| 7:42 | Queue | Villager (Male) |
| 7:56 | Build | Mill |
| 8:00 | Queue | Villager (Male) |
| 8:33 | Build | Palisade Wall |
| 8:49 | Queue | Villager (Male) |
| 9:09 | Build | House |
| 9:10 | Build | House |
| 9:28 | Queue | Villager (Male) |
| 10:09 | Build | House |
| 10:46 | Queue | Villager (Male) |
| 11:18 | Build | Farm |
Build order — Jungle The Quest
60 actions detected in the replay
| 0:03 | Queue | Villager (Male) |
| 0:03 | Queue | Villager (Male) |
| 0:04 | Queue | Villager (Male) |
| 0:04 | Queue | Villager (Male) |
| 0:04 | Queue | Villager (Male) |
| 0:04 | Queue | Villager (Male) |
| 0:05 | Build | House |
| 0:07 | Build | House |
| 1:30 | Queue | Villager (Male) |
| 1:30 | Queue | Villager (Male) |
| 1:50 | Build | Lumber Camp |
| 1:52 | Queue | Villager (Male) |
| 1:53 | Queue | Villager (Male) |
| 1:53 | Queue | Villager (Male) |
| 2:28 | Queue | Villager (Male) |
| 2:28 | Queue | Villager (Male) |
| 2:56 | Queue | Villager (Male) |
| 2:56 | Queue | Villager (Male) |
| 3:05 | Build | House |
| 3:38 | Queue | Villager (Male) |
| 3:38 | Queue | Villager (Male) |
| 3:38 | Queue | Villager (Male) |
| 3:57 | Queue | Villager (Male) |
| 3:57 | Queue | Villager (Male) |
| 3:57 | Queue | Villager (Male) |
| 4:35 | Queue | Villager (Male) |
| 4:36 | Queue | Villager (Male) |
| 4:36 | Queue | Villager (Male) |
| 5:13 | Build | House |
| 5:28 | Queue | Villager (Male) |
| 5:29 | Queue | Villager (Male) |
| 5:29 | Queue | Villager (Male) |
| 5:31 | Queue | Villager (Male) |
| 5:46 | Queue | Villager (Male) |
| 5:46 | Queue | Villager (Male) |
| 6:06 | Queue | Villager (Male) |
| 6:34 | Research | Loom |
| 6:47 | Build | Barracks |
| 7:07 | Queue | Villager (Male) |
| 7:18 | Build | Mill |
| 7:29 | Queue | Villager (Male) |
| 8:01 | Research | Feudal Age |
| 8:08 | Build | Mill |
| 8:13 | Build | Palisade Wall |
| 8:14 | Queue | Militia |
| 8:14 | Queue | Militia |
| 8:51 | Queue | Villager (Male) |
| 8:52 | Queue | Villager (Male) |
| 9:01 | Build | Lumber Camp |
| 9:04 | Queue | Villager (Male) |
| 9:04 | Queue | Villager (Male) |
| 9:13 | Build | Palisade Wall |
| 10:11 | Age | Feudal Age |
| 10:31 | Queue | Villager (Male) |
| 11:00 | Queue | Villager (Male) |
| 11:01 | Queue | Villager (Male) |
| 11:04 | Research | Town Watch |
| 11:08 | Build | House |
| 11:18 | Build | Farm |
| 11:28 | Build | Archery Range |
Match timeline
| 4:54 | OaRMäR · first_building Barracks |
| 6:47 | Jungle The Quest · first_building Barracks |
| 7:10 | OaRMäR · wall_segment Palisade Wall x5 |
| 7:12 | OaRMäR · wall_segment Palisade Wall x2 |
| 7:22 | OaRMäR · wall_segment Palisade Wall x12 |
| 7:25 | OaRMäR · wall_segment Palisade Wall x1 |
| 8:13 | Jungle The Quest · wall_segment Palisade Wall x6 |
| 8:33 | OaRMäR · wall_segment Palisade Wall x17 |
| 9:13 | Jungle The Quest · wall_segment Palisade Wall x13 |
| 10:11 | Jungle The Quest · age_up feudal |
| 11:28 | Jungle The Quest · first_building Archery Range |
| 11:28 | OaRMäR · resign |
[ AI ANALYSIS · 1 CREDIT ]
What really happened in this match?
Wolo.gg analyzes every decision: build order, eco, micro, common mistakes by bracket. Personalized analysis on WhatsApp or Discord in 30 seconds.
Civ guide
Maya
Perfil
Jugador #2106972